 Dungeon Crawl Stone Soup version 0.21.1-1-g345015f (webtiles) character file.

51 letownia2 the Ruffian (level 3, -1/27 HPs)
             Began as a Demonspawn Gladiator on July 15, 2018.
             Slain by an orc
             ... wielding a +0 trident
              (6 damage)
             ... on level 3 of the Dungeon.
             The game lasted 00:05:25 (1147 turns).

letownia2 the Ruffian (Demonspawn Gladiator)        Turns: 1147, Time: 00:05:25

Health: -1/27      AC:  4    Str: 15    XL:     3   Next: 57%
Magic:  3/3        EV: 13    Int:  9    God:
Gold:   117        SH:  0    Dex: 14    Spells: 2/2 levels left

rFire    . . .     SeeInvis .     - Unarmed
rCold    . . .     Gourm    .   (no shield)
rNeg     . . .     Faith    .   a - +0 leather armour
rPois    .         Spirit   .   b - +0 helmet
rElec    .         Reflect  .   (no cloak)
rCorr    .         Harm     .   (no gloves)
MR       .....                  (no boots)
Stlth    +.........             (no amulet)
HPRegen  0.09/turn              (no ring)
MPRegen  0.08/turn              (no ring)

@: no status effects
A: sturdy frame 1
a: no special abilities


You were on level 3 of the Dungeon.
You were not hungry.

You visited 1 branch of the dungeon, and saw 4 of its levels.

You collected 117 gold pieces.

Inventory:

Hand Weapons
 d - a +0 hunting sling
 i - a +0 dagger
Missiles
 c - a throwing net (quivered)
 j - 10 sling bullets
Armour
 a - a +0 leather armour (worn)
 b - a +0 helmet (worn)
Scrolls
 e - a scroll of enchant armour {unknown}
 f - 2 scrolls of remove curse {unknown}
 g - a scroll of amnesia {unknown}
 l - a scroll of identify {unknown}
 n - a scroll of teleportation {unknown}
Potions
 h - 2 potions of curing {unknown}
 o - a potion of cancellation {unknown}
Comestibles
 k - 4 rations
 m - a chunk of flesh


   Skills:
 - Level 2.0 Fighting
 - Level 1.7 Throwing
 - Level 2.6 Dodging
 + Level 4.2 Unarmed Combat


You had 2 spell levels left.
You didn't know any spells.

Dungeon Overview and Level Annotations

Branches:
Dungeon (4/15)
 Temple: D:4-7

Altars:

Shops:
D:4 *

Annotations:
D:3 lotte's ghost, amateur DEEE


Innate Abilities, Weirdness & Mutations

Your movements are slightly less encumbered by armour. (ER -2)


Message History

You hit the orc.
The orc is almost dead.
The bat barely misses you. The orc barely misses you.
You barely miss the orc.
The orc is almost dead.
The bat closely misses you. The orc hits you with a trident.
You barely miss the orc.
The orc is almost dead.
The bat closely misses you. The orc hits you with a trident.
* * * LOW HITPOINT WARNING * * *
You hit the orc but do no damage.
The orc is almost dead.
The bat hits you.
* * * LOW HITPOINT WARNING * * *
The orc barely misses you.
Unknown command.
You barely miss the orc.
The orc is almost dead.
The bat misses you. The orc hits you with a trident.
You die...

.#......### .#...#....
##...#..####.
S............
###..........
.............
#.......####+###########
#.#.###.# #......o.....'
#.#... .###...b.@#
#.###.#.......<..# #..
.#####......# ### #
#......# #......#
#......# #....$.#
#......# ########


You could see an orc and a bat.

Vanquished Creatures
  An adder (D:3)
  A leopard gecko (D:2)
  3 orcs (D:2)
  2 ball pythons (D:2)
  A giant cockroach (D:2)
  5 goblins
  4 hobgoblins
  4 jackals (D:1)
  4 kobolds
  A quokka (D:3)
  3 bats
  2 frilled lizards (D:2)
  2 rats
33 creatures vanquished.

Notes
Turn   | Place    | Note
-------+----------+-------------------------------------------
     0 | D:1      | letownia2 the Demonspawn Gladiator began the quest for the Orb.
     0 | D:1      | Reached XP level 1. HP: 16/16 MP: 1/1
    51 | D:1      | Reached skill level 3 in Unarmed Combat
   106 | D:1      | Gained mutation: Your movements are slightly less encumbered by armour. (ER -2) [demonic ancestry]
   106 | D:1      | Reached XP level 2. HP: 16/22 MP: 2/2
   562 | D:3      | Reached XP level 3. HP: 14/27 MP: 3/3
   591 | D:4      | Found Onuulial's Assorted Antiques.
   698 | D:3      | Noticed a scorpion
   754 | D:2      | Reached skill level 4 in Unarmed Combat
   865 | D:3      | Noticed lotte's ghost (amateur DEEE)
  1147 | D:3      | Slain by an orc

Skill      XL: |  1  2  3 |
---------------+----------+-----
Unarmed Combat | 3 4 |  4.2
Fighting       | |  2.0
Throwing       | |  1.7
Dodging        | |  2.6

Action                   || total
-------------------------++-------
Melee: Unarmed           ||   139
       Punch             ||     5
Throw: Throwing net      ||     2
 Stab: Sleeping          ||     1
  Eat: Chunk             ||     1
Armor: Leather armour    ||    30
Dodge: Dodged            ||   101
